 Dungeon Crawl Stone Soup version 0.25-b1-46-gb8a1ec05df (webtiles) character file.

Game seed: 11436418386610502843

28555 Brecoman the Thaumaturge (level 13, -6/106 HPs)
             Began as a Mummy Necromancer on June 9, 2020.
             Was a High Priest of Kikubaaqudgha.
             Mangled by an elephant (14 damage)
             ... on level 5 of the Lair of Beasts.
             The game lasted 01:17:25 (21519 turns).

Brecoman the Thaumaturge (Mummy Necromancer)       Turns: 21519, Time: 01:17:26

Health: -6/106     AC: 10    Str: 17    XL:     13   Next: 10%
Magic:  3/30       EV: 12    Int: 12    God:    Kikubaaqudgha [*****.]
Gold:   748        SH:  0    Dex: 13    Spells: 13/39 levels left

rFire    x . .     SeeInvis .   b - +6 shillelagh "Devastator" {shatter}
rCold    + . .     Gourm    .   (no shield)
rNeg     + + +     Faith    .   o - +2 leather armour "Xalor" {Regen+ rCorr Str+3 Int-4}
rPois    ∞         Spirit   .   f - +0 helmet
rElec    .         Reflect  .   (no cloak)
rCorr    +         Harm     .   A - +1 pair of gloves
MR       +....                  d - +1 pair of boots
Stlth    ++........             h - amulet of the acrobat
HPRegen  0.67/turn              (no ring)
MPRegen  0.22/turn              (no ring)

@: very slightly contaminated
A: no food or potions, fire vulnerability, cold resistance 1, negative energy
resistance 3, torment resistance, unbreathing, in touch with death 1
a: Receive Corpses, Torment, Renounce Religion


You were on level 5 of the Lair of Beasts.
You worshipped Kikubaaqudgha.
Kikubaaqudgha was extremely pleased with you.
You were not hungry.

You visited 2 branches of the dungeon, and saw 17 of its levels.

You collected 823 gold pieces.
You spent 75 gold pieces at shops.

Inventory:

Hand Weapons
 a - a +2 dire flail of pain
 b - the +6 shillelagh "Devastator" (weapon) {shatter}
   (You found it on level 1 of the Lair of Beasts)
 c - a +0 dagger
Missiles
 p - 333 stones (quivered)
 y - 2 throwing nets
Armour
 d - a +1 pair of boots (worn)
 e - a +0 leather armour
 f - a +0 helmet (worn)
 o - the +2 leather armour "Xalor" (worn) {Regen+ rCorr Str+3 Int-4}
   (You found it on level 6 of the Dungeon)

   It affects your strength (+3).
   It affects your intelligence (-4).
   It increases your rate of regeneration.
   It provides partial protection from all sources of acid and corrosion.
 A - a +1 pair of gloves (worn)
Magical Staves
 z - an uncursed staff of wizardry
Jewellery
 h - an amulet of the acrobat (around neck)
 l - an uncursed ring of ice
 E - an uncursed amulet of guardian spirit
 J - an uncursed amulet of magic regeneration {unknown}
Wands
 m - a wand of enslavement (9)
 r - a wand of polymorph (18)
 s - a wand of random effects (38)
 w - a wand of paralysis (8)
 x - a wand of iceblast (8)
 B - a wand of flame (15)
 G - a wand of disintegration (20)
 H - a wand of clouds (3)
 I - a wand of digging (6)
Scrolls
 g - 3 scrolls of teleportation
 i - 10 scrolls of identify
 j - 2 scrolls of immolation
 k - a scroll of magic mapping
 n - 4 scrolls of enchant armour
 q - 2 scrolls of enchant weapon
 t - a scroll of torment
 u - 2 scrolls of amnesia
 v - 5 scrolls of remove curse
 C - 4 scrolls of fog
 D - 2 scrolls of fear
 F - a scroll of silence


   Skills:
 + Level 11.3 Fighting
 * Level 8.7 Maces & Flails
 - Level 1.5 Dodging
 - Level 1.5 Stealth
 + Level 13.5 Spellcasting
 - Level 10.8 Necromancy
 - Level 5.0 Earth Magic


You had 13 spell levels left.
You knew the following spells:

 Your Spells              Type           Power        Failure   Level  Hunger
a - Pain                  Necr           ####         1%          1    N/A
b - Animate Skeleton      Necr           N/A          1%          1    N/A
c - Vampiric Draining     Necr           ######....   1%          3    N/A
d - Corpse Rot            Necr/Air       N/A          1%          2    N/A
e - Animate Dead          Necr           N/A          1%          4    N/A
f - Agony                 Necr           ######..     3%          5    N/A
g - Dispel Undead         Necr           ######..     1%          4    N/A
h - Borgnjor's Vile Clut  Necr/Erth      #####.....   11%         5    N/A
i - Summon Butterflies    Summ           #.......     11%         1    N/A

Your spell library contained the following spells:

 Spells                   Type           Power        Failure   Level  Hunger
 Apportation              Tloc           #.....       11%         1    N/A
 Corona                   Hex            #......      11%         1    N/A
 Ensorcelled Hibernation  Hex/Ice        #.....       16%         2    N/A
 Poisonous Vapours        Pois/Air       #.....       16%         2    N/A
 Slow                     Hex            #.......     16%         2    N/A
 Confusing Touch          Hex            #.......     30%         3    N/A
 Conjure Flame            Conj/Fire      #.......     30%         3    N/A
 Dazzling Flash           Conj/Hex       #.....       30%         3    N/A
 Inner Flame              Hex/Fire       #.......     30%         3    N/A
 Lesser Beckoning         Tloc           #.........   30%         3    N/A
 Mephitic Cloud           Conj/Pois/Air  #.......     30%         3    N/A
 Portal Projectile        Hex/Tloc       #.....       30%         3    N/A
 Tukima's Dance           Hex            #.......     30%         3    N/A
 Leda's Liquefaction      Hex/Erth       ##........   36%         4    N/A
 Cause Fear               Hex            #.........   71%         4    N/A
 Simulacrum               Ice/Necr       ####......   86%         6    N/A
 Alistair's Intoxication  Tmut/Pois      #.......     96%         5    N/A
 Freezing Cloud           Conj/Ice/Air   #.........   100%        6    N/A
 Invisibility             Hex            #.......     100%        6    N/A
 Ring of Flames           Chrm/Fire      #.........   100%        7    N/A

Dungeon Overview and Level Annotations

Branches:
Dungeon (12/15)            Temple (0/1) D:6            Lair (5/6) D:10
 Shoals (0/4) Lair:2        Snake (0/4) Lair:4          Orc (0/2) D:9
  Slime: Lair:5-6

Altars:
Cheibriados
Elyvilon
Fedhas
Gozag
Kikubaaqudgha
Makhleb
Nemelex Xobeh
Ru
Trog
Uskayaw
Vehumet
Yredelemnul

Shops:
D:8 ?

Annotations:
D:11 2 runed translucent doors, H0rd4k's ghost, novice HuAr
Lair:2 3 runed translucent doors, Sinop's ghost, journeyman CeAM


Innate Abilities, Weirdness & Mutations

You do not eat or drink.
Your flesh is vulnerable to fire.
You are immune to poison.
Your flesh is cold resistant. (rC+)
You are immune to negative energy. (rN+++)
You are immune to unholy pain and torment.
You can survive without breathing.
You are in touch with the powers of death.


Message History

The hippogriff claws you! The elephant tramples you.
You hold your ground!
The elephant trunk-slaps you but does no damage.
The elephant tramples you!
You hold your ground!
The elephant trunk-slaps you but does no damage.
The elephant tramples you.
* * * LOW HITPOINT WARNING * * *
You hold your ground!
The elephant closely misses you. The elephant tramples you!
* * * LOW HITPOINT WARNING * * *
You hold your ground!
The elephant barely misses you. The elephant closely misses you.
The elephant trunk-slaps you.
* * * LOW HITPOINT WARNING * * *
The hippogriff bites you.
* * * LOW HITPOINT WARNING * * *
The hippogriff pecks you but does no damage.
The hippogriff barely misses you. The elephant barely misses you.
The elephant trunk-slaps you but does no damage.
The elephant tramples you!
You die...
Kikubaaqudgha rasps: "You have failed me!
Welcome... oblivion!"

......
..8..
....
... ..#
###+..#
#....##
#.HYY.#
#8Y@Y8#
#.Y.Y.#
##.8.##
#####


You could see 6 elephants and a hippogriff.

Vanquished Creatures
  2 hydras
  Harold (D:9)
  4 two-headed ogres
  A deep elf mage (D:8)
  A cyclops (D:12)
  A manticore (Lair:2)
  A black mamba (Lair:3)
  11 spiny frogs
  Maggie (D:7)
  2 komodo dragons
  A troll (D:9)
  A meliai (D:12)
  A hornet (Lair:3)
  Prince Ribbit (D:7)
  8 blink frogs (Lair:3)
  4 hippogriffs
  10 spriggans (Lair:3)
  2 wyverns
  5 yaks
  2 vampires (D:12)
  A basilisk (D:11)
  A hungry ghost (D:12)
  A steam dragon (D:9)
  Edmund (D:6)
  A warg (D:9)
  5 nagas (Lair:4)
  4 porcupines (D:10)
  4 water moccasins
  3 black bears
  4 orc warriors
  A phantom (D:6)
  3 sky beasts
  3 ice beasts
  An eye of draining (D:12)
  5 ogres
  3 boggarts (Lair:3)
  18 wolves
  2 centaurs
  5 crocodiles
  A big kobold (D:12)
  A gnoll sergeant (D:8)
  8 bullfrogs
  A wyvern zombie (D:10)
  Dowan (D:4)
  A scorpion (D:3)
  A wyvern skeleton (D:10)
  4 killer bees (D:8)
  2 howler monkeys (D:11)
  3 crimson imps
  7 orc priests
  4 hounds
  2 jellies
  A centaur skeleton (D:9)
  7 worker ants
  5 orc wizards
  A hound skeleton (D:8)
  6 gnolls
  A howler monkey skeleton (D:9)
  15 adders
  2 shadow imps
  2 oozes
  An adder skeleton (D:7)
  An adder zombie (D:7)
  A worm (D:2)
  2 dart slugs
  11 leopard geckos
  44 orcs
  2 ball pythons
  5 bats
  10 giant cockroaches
  10 goblins
  6 hobgoblins
  5 jackals
  15 kobolds
  5 quokkas
  8 frilled lizards
  A leopard gecko skeleton (D:4)
  A quokka skeleton (D:5)
  9 rats
  2 fungi (D:10)
  2 plants (Lair:1)
343 creatures vanquished.

Vanquished Creatures (collateral kills)
  Erolcha (D:11)
  Erica (D:11)
  Urug (D:11)
  A gargoyle (D:10)
  2 komodo dragons
  A blink frog (Lair:3)
  2 hornets (Lair:3)
  A hippogriff (Lair:2)
  2 spriggans (Lair:3)
  A wraith (D:12)
  Sigmund (D:6)
  A yak (Lair:2)
  2 wargs (D:9)
  A naga (Lair:4)
  4 water moccasins
  Duvessa (D:4)
  3 porcupines
  2 phantoms
  A sky beast (D:9)
  A black bear (D:7)
  An ice beast (D:11)
  An ogre (D:10)
  5 wolves
  A centaur (D:9)
  A big kobold (D:11)
  2 bullfrogs
  A wyvern skeleton (D:11)
  A scorpion (D:5)
  A howler monkey (D:11)
  A centaur zombie (D:5)
  A crimson imp (D:6)
  A jelly (D:6)
  An orc priest (D:9)
  A hound (D:11)
  An orc wizard (D:7)
  A worker ant (D:10)
  A hound skeleton (D:11)
  3 gnolls (D:8)
  A howler monkey skeleton (D:8)
  An ooze (D:6)
  4 orcs
  A jackal (D:10)
  2 kobolds (D:11)
  A fungus (D:10)
65 creatures vanquished.

Vanquished Creatures (others)
  13 fungi
  3 plants
16 creatures vanquished.

Grand Total: 424 creatures vanquished

Notes
Turn   | Place    | Note
-------+----------+-------------------------------------------
     0 | D:1      | Brecoman the Mummy Necromancer began the quest for the Orb.
     0 | D:1      | Reached XP level 1. HP: 13/13 MP: 4/4
    34 | D:1      | Learned a level 1 spell: Animate Skeleton
   113 | D:1      | Reached skill level 3 in Spellcasting
   135 | D:1      | Reached XP level 2. HP: 14/20 MP: 1/6
   306 | D:1      | Reached skill level 1 in Fighting
   744 | D:1      | Reached XP level 3. HP: 26/26 MP: 5/7
   973 | D:1      | Learned a level 3 spell: Vampiric Draining
  1425 | D:2      | Found a snail-covered altar of Cheibriados.
  1472 | D:2      | Found a sparkling altar of Nemelex Xobeh.
  2031 | D:2      | Reached XP level 4. HP: 33/33 MP: 5/9
  2227 | D:2      | Found a snail-covered altar of Cheibriados.
  2229 | D:2      | Found an ancient bone altar of Kikubaaqudgha.
  2231 | D:2      | Found an opulent altar of Gozag.
  2232 | D:2      | Found a blossoming altar of Fedhas.
  2236 | D:2      | Became a worshipper of Kikubaaqudgha
  2312 | D:2      | Found a burning altar of Makhleb.
  2481 | D:2      | Reached skill level 4 in Spellcasting
  3378 | D:3      | Found a basalt altar of Yredelemnul.
  3430 | D:3      | Found a bloodstained altar of Trog.
  3439 | D:3      | Reached XP level 5. HP: 39/39 MP: 8/11
  3499 | D:3      | Reached * piety under Kikubaaqudgha
  3499 | D:3      | Identified Kikubaaqudgha's Papyrus of Necromancy
                  | (Kikubaaqudgha gifted it to you on level 3 of the Dungeon)
  3499 | D:3      | Received a gift from Kikubaaqudgha
  3571 | D:3      | Reached skill level 5 in Necromancy
  4029 | D:4      | Learned a level 2 spell: Corpse Rot
  4034 | D:4      | Learned a level 4 spell: Animate Dead
  4338 | D:4      | Reached XP level 6. HP: 47/47 MP: 7/13
  4476 | D:4      | Noticed Duvessa
  4493 | D:4      | Killed Duvessa
  4493 | D:4      | Reached skill level 5 in Spellcasting
  4495 | D:4      | Noticed Dowan
  4587 | D:4      | Killed Dowan
  5062 | D:5      | Entered Level 5 of the Dungeon
  5065 | D:5      | Found a basalt altar of Yredelemnul.
  5184 | D:5      | Found a hide-covered altar of Uskayaw.
  5187 | D:5      | Reached XP level 7. HP: 43/54 MP: 4/15
  5265 | D:5      | Noticed a +0 hand axe
  5265 | D:5      | Noticed a +0 hand axe
  5540 | D:5      | Reached skill level 6 in Spellcasting
  5546 | D:5      | Reached ** piety under Kikubaaqudgha
  5789 | D:5      | Found a sacrificial altar of Ru.
  5835 | D:5      | Found a snail-covered altar of Cheibriados.
  5932 | D:6      | Got a transparent leather armour
  5958 | D:6      | Identified the +2 leather armour "Xalor" {Regen+ rCorr
                  | Str+3 Int-4} (You found it on level 6 of the Dungeon)
  5974 | D:6      | Found a staircase to the Ecumenical Temple.
  6026 | D:6      | Found a white marble altar of Elyvilon.
  6029 | D:6      | Noticed Edmund
  6043 | D:6      | Killed Edmund
  6190 | D:6      | Noticed Sigmund
  6244 | D:6      | Killed Sigmund
  6244 | D:6      | Reached skill level 5 in Fighting
  6244 | D:6      | Reached skill level 1 in Maces & Flails
  6244 | D:6      | Reached XP level 8. HP: 45/62 MP: 2/18
  6383 | D:6      | Reached skill level 7 in Spellcasting
  7048 | D:6      | Found a radiant altar of Vehumet.
  7287 | D:7      | Noticed Maggie
  7551 | D:7      | Noticed a hippogriff
  7673 | D:6      | Killed a hippogriff
  7673 | D:6      | Reached skill level 8 in Spellcasting
  7945 | D:7      | Reached XP level 9. HP: 69/69 MP: 17/21
  8320 | D:7      | Noticed Prince Ribbit
  8335 | D:7      | Killed Prince Ribbit
  8800 | D:7      | Killed Maggie
  9132 | D:8      | Noticed a deep elf mage
  9694 | D:8      | Reached skill level 9 in Spellcasting
  9874 | D:8      | Killed a deep elf mage
 10009 | D:8      | Found Unovvyqis's Magic Scroll Shoppe.
 10015 | D:8      | Bought a scroll of torment for 75 gold pieces
 10292 | D:9      | Noticed a troll
 10303 | D:9      | Killed a troll
 10303 | D:9      | Reached XP level 10. HP: 54/79 MP: 4/23
 10540 | D:9      | Learned a level 5 spell: Agony
 10980 | D:9      | Noticed Harold
 10986 | D:9      | Killed Harold
 10986 | D:9      | Reached skill level 5 in Maces & Flails
 11292 | D:9      | Reached skill level 10 in Spellcasting
 11521 | D:9      | Found a staircase to the Orcish Mines.
 11924 | D:9      | Reached *** piety under Kikubaaqudgha
 11924 | D:9      | Identified Kikubaaqudgha's Compendium of Sinister Rites
                  | (Kikubaaqudgha gifted it to you on level 9 of the Dungeon)
 11924 | D:9      | Received a gift from Kikubaaqudgha
 11952 | D:9      | Learned a level 4 spell: Dispel Undead
 11958 | D:9      | Learned a level 5 spell: Borgnjor's Vile Clutch
 12192 | D:10     | Entered Level 10 of the Dungeon
 12344 | D:10     | Noticed a gargoyle
 12352 | D:10     | Killed a gargoyle
 12352 | D:10     | Reached skill level 1 in Earth Magic
 12429 | D:10     | Learned a level 1 spell: Summon Butterflies
 12613 | D:10     | Found a staircase to the Lair.
 12828 | D:10     | Noticed a two-headed ogre
 12836 | D:10     | Killed a two-headed ogre
 12836 | D:10     | Reached XP level 11. HP: 86/87 MP: 7/25
 12939 | D:10     | Noticed a two-headed ogre
 12946 | D:10     | Killed a two-headed ogre
 13034 | D:10     | Reached skill level 11 in Spellcasting
 13482 | D:11     | Reached skill level 10 in Necromancy
 13575 | D:11     | Noticed Erolcha
 13585 | D:11     | Noticed Erica
 13596 | D:11     | Killed Erica
 13659 | D:11     | Killed Erolcha
 13846 | D:11     | Noticed a centaur warrior
 13846 | D:11     | Noticed a lich
 13846 | D:11     | Noticed H0rd4k's ghost (novice HuAr)
 13847 | D:11     | Noticed a necromancer
 13847 | D:11     | Noticed a tengu reaver
 13847 | D:11     | Noticed a deep troll
 13908 | D:11     | Noticed a two-headed ogre
 13913 | D:11     | Killed a two-headed ogre
 14125 | D:11     | Found a runed translucent door.
 14128 | D:11     | Found a runed translucent door.
 14156 | D:11     | Noticed Urug
 14168 | D:11     | Killed Urug
 15187 | D:12     | Found a basalt altar of Yredelemnul.
 15194 | D:12     | Noticed a two-headed ogre
 15197 | D:12     | Noticed a four-headed hydra
 15199 | D:12     | Noticed a cyan ugly thing
 15203 | D:12     | Killed a two-headed ogre
 15258 | D:12     | HP: 1/90 [cyan ugly thing (12)]
 15290 | D:11     | Reached skill level 10 in Fighting
 15290 | D:11     | Reached skill level 12 in Spellcasting
 15601 | Lair:1   | Entered Level 1 of the Lair of Beasts
 16074 | Lair:1   | Found the +6 shillelagh "Devastator" {shatter}
 16238 | Lair:1   | Reached XP level 12. HP: 23/97 MP: 24/28
 16648 | Lair:2   | Reached **** piety under Kikubaaqudgha
 16800 | Lair:2   | Found a runed translucent gate.
 16839 | Lair:2   | Found a runed translucent gate.
 16841 | Lair:2   | Found a runed translucent gate.
 16858 | Lair:2   | Reached skill level 5 in Earth Magic
 17295 | Lair:2   | Found a staircase to the Shoals.
 17686 | Lair:2   | Noticed an eight-headed hydra
 17769 | Lair:2   | Noticed Sinop's ghost (journeyman CeAM)
 17897 | Lair:2   | Killed an eight-headed hydra
 19050 | Lair:3   | Reached skill level 13 in Spellcasting
 19500 | Lair:3   | Reached ***** piety under Kikubaaqudgha
 20520 | Lair:4   | Gained mutation: You are in touch with the powers of death.
                  | [Mummy growth]
 20520 | Lair:4   | Reached XP level 13. HP: 106/106 MP: 11/30
 20533 | Lair:4   | Found a staircase to the Snake Pit.
 21519 | Lair:5   | Mangled by an elephant

Illustrated notes

Levels and vault maps discovered:
D:1:      lemuel_arrival_hallway, layout_basic, interstate_on_off,
          minmay_misc_feat_iff, minmay_cupped
D:2:      minmay_diamond_boxcup, layout_loops_corners, lightli_temple_of_fire,
          nemelex_xobeh_ov_fountains_minmay, minitemple, lemuel_statue_altar
D:3:      layout_basic, nicolae_overflow_crystal_walls,
          yredelemnul_altar_generic
D:4:      layout_rooms, first_ration, uniq_duvessa
D:5:      layout_rooms, dancing_weapons_uskayaw, hangedman_ru_absence,
          basic_altar, kennysheep_slug_shrine
D:6:      layout_basic, vehumet_crystals, minmay_temple_entry_glassed_door,
          basic_altar, uniq_edmund, uniq_sigmund
D:7:      layout_loops_corners, uniq_maggie, uniq_prince_ribbit1
D:8:      minmay_cornered_nines, layout_loops_ring, serial_shops,
          shop_fountains, grunt_pizzeria, moated_statue, hex_medium
D:9:      layout_grid_maze, david_orc_1_choice, moated_statue, uniq_harold
D:10:     layout_irregular_city, due_lair_maze_entry_diamond
D:11:     layout_gridville, muffindrake_ghost_dual_entry, uniq_urug,
          uniq_erolcha, uniq_erica
D:12:     minmay_the_grid_octo_tiled_octocenter [minmay_the_grid_octo_shrine,
          minmay_the_grid_octo_focus, minmay_the_grid_octo_vomiting_pacman,
          minmay_the_grid_octo_fan_narrow, minmay_the_grid_octo_prize_star,
          minmay_the_grid_square_5x5_checkered,
          minmay_the_grid_square_5x5_sharp_hourglass,
          minmay_the_grid_square_5x5_shrine2,
          minmay_the_grid_square_5x5_two_walls_a], layout_small_grid,
          hangedman_decor_peaks_small
Lair:1:   layout_gridlike, serial_bayou_pond_a, hibernation_bobbens
Lair:2:   layout_chaotic_city, minmay_shoals_entry_beasts, gammafunk_ghost_icy,
          chequers_serial_rivers_micro_d
Lair:3:   kb_forest_paths, layout_regular_city
Lair:4:   layout_hall_layers, minmay_snake_entry_guardpost_large,
          grunt_megastairs_4, lemuel_fruit_fields
Lair:5:   layout_big_grid, slime_altar_1, serial_forest, infiniplex_forest_join,
          infiniplex_forest_join, infiniplex_forest_lined_corner,
          infiniplex_forest_clump_double, infiniplex_forest_lined_room_3,
          infiniplex_forest_clump_diagonal, infiniplex_forest_straight_2,
          infiniplex_forest_clump_cross, infiniplex_forest_lined_corner,
          cheibrodos_lair_lostbears, grunt_megastairs_3

Skill      XL: |  1  2  3  4  5  6  7  8  9 10 11 12 |
---------------+-------------------------------------+-----
Spellcasting   | 3 4 5 6 8 9 10 12 13 | 13.5
Fighting       | 1 2 3 4 5 6 7 8 10 11 | 11.3
Necromancy     | 5 6 7 8 9 10 | 10.8
Maces & Flails | 1 3 4 5 8 |  8.7
Earth Magic    | 2 4 5 |  5.0
Dodging        | |  1.5
Stealth        | |  1.5

Action                   |  1- 3 |  4- 6 |  7- 9 | 10-12 | 13-15 || total
-------------------------+-------+-------+-------+-------+-------++-------
Melee: Unarmed           |     7 |       |       |       |       ||     7
       Dagger            |     2 |    14 |    65 |       |       ||    81
       Dire flail        |       |       |   211 |   348 |    19 ||   578
       Shillelagh        |       |       |       |    62 |     1 ||    63
Throw: Stone             |       |     2 |       |     2 |       ||     4
 Cast: Pain              |    83 |   163 |    61 |    94 |    11 ||   412
       Animate Skeleton  |    14 |    16 |     3 |       |       ||    33
       Animate Dead      |       |     3 |    21 |    66 |     5 ||    95
       Vampiric Draining |       |     1 |    45 |    56 |     1 ||   103
       Agony             |       |       |       |    18 |       ||    18
       Borgnjor's Vile C |       |       |       |    58 |     8 ||    66
Invok: Receive Corpses   |       |       |     7 |     9 |       ||    16
Evoke: Wand              |       |       |       |     1 |       ||     1
  Use: Scroll            |       |     6 |     9 |     7 |       ||    22
 Stab: Distracted        |       |       |     5 |     1 |       ||     6
       Sleeping          |       |       |     3 |     4 |       ||     7
Armor: Robe              |     8 |       |       |       |       ||     8
       Leather armour    |     5 |     9 |   102 |   147 |    14 ||   277
Dodge: Dodged            |    30 |    26 |   240 |   402 |    30 ||   728
